 Dungeon Crawl Stone Soup version 0.28-b1-25-g9875b3fc8c (webtiles) character file.

Game seed: 7847521921629252696

77 mopl the Sneak (level 4, 0/31 HPs)
             Began as an Octopode Delver on Feb 7, 2022.
             Slain by Terence (12 damage)
             ... on level 2 of the Dungeon.
             The game lasted 00:02:47 (1563 turns).

mopl the Sneak (Octopode Delver)                    Turns: 1563, Time: 00:02:48

Health: 0/31       AC:  1    Str: 11    XL:     4   Next: 33%
Magic:  4/4        EV: 13    Int: 12    God:
Gold:   102        SH:  0    Dex: 15    Spells: 3/3 levels left

rFire   . . .      SeeInvis .   a - +0 falchion
rCold   . . .      Faith    .   (no shield)
rNeg    . . .      Spirit   .   (helmet restricted)
rPois   .          Reflect  .   (no amulet)
rElec   .          Harm     .   (no ring)
rCorr   .          Rampage  .   (no ring)
Will    .....                   (no ring)
Stlth   +++++.....              (no ring)
HPRegen 0.10/turn               (no ring)
MPRegen 0.09/turn               (no ring)
                                (no ring)
                                (no ring)

@: no status effects
A: almost no armour, amphibious, 8 rings, camouflage 1, gelatinous body 1,
(nimble swimmer 1), tentacles
a: no special abilities


You were on level 2 of the Dungeon.
You visited 1 branch of the dungeon, and saw 5 of its levels.

You collected 102 gold pieces.

Inventory:

Hand Weapons
 a - a +0 falchion (weapon)
Wands
 f - a wand of digging (3)
Scrolls
 b - 2 scrolls of fog
 c - a scroll of magic mapping
 d - a scroll of fear
 g - 2 scrolls of teleportation {unknown}
 k - a scroll of blinking {unknown}
 l - a scroll of noise {unknown}
Potions
 e - a potion of haste
 h - 2 potions of attraction {unknown}
 i - 2 potions of might {unknown}
 j - a potion of brilliance {unknown}


   Skills:
 + Level 3.4 Fighting
 * Level 3.1 Long Blades
 + Level 2.6 Dodging
 + Level 7.1 Stealth


You had 3 spell levels left.
You didn't know any spells.
Your spell library was empty.

Dungeon Overview and Level Annotations

Branches:
Dungeon (5/15)
 Temple: D:4-7

Altars:

Shops:
D:3 ??

Annotations:
D:2 Terence
D:4 Dowan, Edmund, Natasha


Innate Abilities, Weirdness & Mutations

You cannot wear most types of armour.
You are amphibious.
You can wear up to eight rings at the same time.
Your skin changes colour to match your surroundings (Stealth+).
Your rubbery body absorbs attacks. (AC +1, EV +1)
((You are camouflaged when in or above water. (Stealth+)))
You have tentacles for arms and can constrict up to eight enemies at once.


Message History

The adder is severely wounded.
You feel sick. The adder completely misses you.
You hit the adder.
You kill the adder!
You feel sick.
You feel sick.
You see here an adder corpse.
You feel sick.
You feel sick.
You are no longer poisoned.
You closely miss the quokka. You grab the quokka. You squeeze the quokka.
The quokka is severely wounded.
You constrict the quokka.
You kill the quokka!
No target in view!
No target in view!
Terence the Incautious comes into view.
He is wielding a +0 flail.
You start resting.
HP restored.
Terence shouts!
You hit Terence. You grab Terence. You squeeze Terence, but do no damage.
Terence is lightly wounded.
You constrict Terence, but do no damage.
Terence barely misses you.
You hit Terence.
Terence is lightly wounded.
You constrict Terence. Terence misses you.
You hit Terence but do no damage.
Terence is lightly wounded.
You constrict Terence, but do no damage.
Terence hits you with a +0 flail!
You slash Terence!
Terence is heavily wounded.
You constrict Terence. Terence hits you with a +0 flail!
You hit Terence but do no damage.
You tentacle-slap Terence, but do no damage.
Terence is heavily wounded.
You constrict Terence, but do no damage.
Terence hits you with a +0 flail!
You die...

#################
##...............#
#...<..†......#..#
....#########.#.@#
#.#. #.#.@# . ..
#.#... ... #.#.#..
#.## ....#... ..
......... #.
#......... ###.
.....#


You could see Terence.

Vanquished Creatures
  Natasha (D:4)
  2 adders
  A dart slug (D:1)
  A ball python (D:1)
  4 endoplasms
  A giant cockroach (D:3)
  A goblin (D:1)
  5 hobgoblins
  4 jackals
  3 quokkas
  2 frilled lizards (D:1)
  5 kobolds (D:1)
  A rat (D:1)
  3 bushes (D:1)
34 creatures vanquished.

Vanquished Creatures (others)
  A plant (D:1)
1 creature vanquished.

Grand Total: 35 creatures vanquished

Notes
Turn   | Place    | Note
-------+----------+-------------------------------------------
     0 | D:5      | mopl the Octopode Delver began the quest for the Orb.
     0 | D:5      | Reached XP level 1. HP: 16/16 MP: 1/1
     4 | D:5      | Noticed a hound
    35 | D:4      | Noticed Natasha
    39 | D:4      | Noticed a howler monkey
    43 | D:4      | Killed Natasha
    44 | D:4      | Reached XP level 2. HP: 13/21 MP: 2/2
    47 | D:4      | Noticed Dowan
    64 | D:4      | Noticed a gnoll sergeant
   180 | D:4      | Noticed Edmund
   191 | D:4      | Noticed Natasha
   202 | D:3      | Reached XP level 3. HP: 25/26 MP: 3/3
   298 | D:3      | Found Lotuosau's Magic Scroll Shoppe.
   450 | D:3      | Found Faop's Magic Scroll Emporium.
   473 | D:2      | Reached skill level 7 in Stealth
   644 | D:1      | Reached skill level 3 in Long Blades
   694 | D:1      | Reached XP level 4. HP: 31/31 MP: 4/4
  1481 | D:2      | Noticed Terence
  1563 | D:2      | Slain by Terence

Illustrated notes

Levels and vault maps discovered:
D:1:      minmay_arrival_diagonal_passages, layout_rooms, serial_forest,
          infiniplex_forest_end_2, infiniplex_forest_straight_3,
          infiniplex_forest_zigzag_1, infiniplex_forest_lined_2,
          infiniplex_forest_clump_medium, infiniplex_forest_corner_1,
          infiniplex_forest_zigzag_2, infiniplex_forest_straight_5,
          infiniplex_forest_split
D:2:      layout_loops_ring, basic_altar, uniq_terence
D:3:      layout_basic, serial_shops, nicolae_shop_window_shopping,
          shop_fountains, nicolae_shop_competitors_out_of_business, uniq_robin,
          uniq_sigmund, uniq_jessica
D:4:      layout_cave_pools, kennysheep_path_1, minmay_diced_spiral,
          uniq_duvessa, uniq_edmund, uniq_natasha
D:5:      layout_rooms, uniq_grinder

Skill      XL: |  1  2  3 |
---------------+----------+-----
Stealth        | 7 |  7.1
Long Blades    | 3 |  3.1
Fighting       | |  3.4
Dodging        | |  2.6

Action                   |  1- 3 |  4- 6 || total
-------------------------+-------+-------++-------
Melee: Falchion          |    39 |   256 ||   295
       Tentacles         |    12 |    82 ||    94
       Constrict         |     8 |     6 ||    14
       Punch             |       |     7 ||     7
 Stab: Sleeping          |     8 |     5 ||    13
Armor: Skin              |     1 |       ||     1
Dodge: Dodged            |    14 |    11 ||    25
